 Dungeon Crawl Stone Soup version 0.28-a0-1184-g53156a8862 (webtiles) character file.

Game seed: 16084613505641026523

3010 emnemthenerd the Protected (level 9, -19/79 HPs)
             Began as a Minotaur Berserker on Dec 18, 2021.
             Was a Priest of Trog.
             Demolished by an ogre (28 damage)
             ... on level 7 of the Dungeon.
             The game lasted 00:17:41 (8512 turns).

emnemthenerd the Protected (Minotaur Berserker)     Turns: 8512, Time: 00:17:41

Health: -19/79     AC:  9    Str: 33    XL:     9   Next: 55%
Magic:  8/8        EV: 11    Int: 10    God:    Trog [***...]
Gold:   343        SH:  0    Dex:  9    Spells: 8/8 levels left

rFire   . . .      SeeInvis .   n - +2 quarterstaff (chaos)
rCold   . . .      Faith    .   (shield currently unavailable)
rNeg    . . .      Spirit   .   t - +1 scale mail
rPois   .          Reflect  +   (helmet restricted)
rElec   .          Harm     .   (no cloak)
rCorr   .          Rampage  .   (no gloves)
Will    .....                   (no boots)
Stlth   ..........              i - amulet of reflection
HPRegen 0.23/turn               j - +6 ring of strength
MPRegen 0.11/turn               s - +6 ring of intelligence

@: confused, ambrosia-drunk, on berserk cooldown, slowed, very slow
A: horns 2, retaliatory headbutt
a: Renounce Religion, Berserk, Trog's Hand


You were on level 7 of the Dungeon.
You worshipped Trog.
Trog was most pleased with you.
You visited 2 branches of the dungeon, and saw 8 of its levels.

You collected 343 gold pieces.

Inventory:

Hand Weapons
 a - a +0 vorpal falchion
 n - a +2 quarterstaff of chaos (weapon)
Armour
 b - a +0 animal skin
 g - a +0 leather armour
 h - a +0 leather armour
 o - a +2 cloak
 t - a +1 scale mail (worn)
Jewellery
 i - an amulet of reflection (around neck)
 j - a +6 ring of strength (left hand)
 k - a ring of protection from cold
 l - a ring of willpower
 s - a +6 ring of intelligence (right hand)
 x - an amulet of regeneration
Wands
 q - a wand of mindburst (4) (quivered)
 w - a wand of polymorph (9)
 B - a wand of paralysis (7)
Scrolls
 f - 2 scrolls of fear
 r - 3 scrolls of magic mapping
 u - a scroll of identify
 y - a scroll of teleportation
 z - a scroll of noise
 C - a scroll of fog {unknown}
 D - 2 scrolls of enchant weapon {unknown}
Potions
 c - 2 potions of brilliance {unknown}
 d - 2 potions of mutation {unknown}
 e - a potion of ambrosia
 m - 2 potions of heal wounds {unknown}
 p - a potion of haste {unknown}
 v - a potion of might {unknown}
 A - a potion of flight {unknown}


   Skills:
 + Level 7.4 Fighting
 + Level 6.4 Long Blades
 + Level 7.9 Staves
 + Level 8.4 Armour
 + Level 4.2 Dodging
 + Level 2.9 Stealth
 + Level 3.9 Shields
 + Level 1.0 Evocations


You had 8 spell levels left.
You didn't know any spells.
Your spell library was empty.

Dungeon Overview and Level Annotations

Branches:
Dungeon (7/15)             Temple (1/1) D:6

Altars:
Cheibriados
Dithmenos
Elyvilon
Fedhas
Gozag
Hepliaklqana
Makhleb
Nemelex Xobeh
Okawaru
Qazlal
Ru
Sif Muna
Trog
Uskayaw
Vehumet
Wu Jian
Yredelemnul
Zin
The Shining One

Portals:
Abyss: D:4


Innate Abilities, Weirdness & Mutations

You have a pair of horns on your head.
You reflexively headbutt those who attack you in melee.


Message History

Beogh smites you!
* * * LOW HITPOINT WARNING * * *
You block the orc wizard's attack.
You barely miss the orc wizard. You headbutt the orc wizard!
The orc wizard is severely wounded.
You closely miss the orc wizard. Your headbutt misses the orc wizard.
The orc wizard is severely wounded.
The orc wizard hits you but does no damage.
The orc priest hits you but does no damage.
You thump the orc wizard!
Lightning courses through the orc wizard!!
You kill the orc wizard!
Trog accepts your kill.
Trog appreciates your killing of a magic user.
The orc priest hits you with a +0 dagger.
* * * LOW HITPOINT WARNING * * *
Your Evocations skill increases to level 1!
An ogre comes into view. It is wielding a +0 giant spiked club.
The ogre shouts!
Items here: $ )) [[.
You sock the orc priest!
Lightning courses through the orc priest!
You kill the orc priest!
Trog accepts your kill.
You are no longer berserk.
You are exhausted.
You feel yourself slow down.
Items here: )) [[.
Things that are here:
a +5 falchion; a +0 robe An ogre is nearby!
You are confused.
You feel invigorated.
The ogre hits you with a +0 giant spiked club!
* * * LOW HITPOINT WARNING * * *
You are too confused!
You bludgeon the ogre!!
The ogre looks as sick as possible!
The ogre is severely wounded.
The ogre hits you with a +0 giant spiked club!!
You die...

.....## #..........#
#<....# ##.........#
##.....##
#.........#
#.......#
#...>.....#
##.......##
##........#
#.........#
##^......##
#.......###.......##
#...))##..#)..###
###@O)...###.##
###)).## ### #..##
#..## #..## #O)#
o./# .... ...


You could see an ogre (extremely poisoned).

Vanquished Creatures
  The ghost of bearlyready the Spear-Bearer, a novice MfGl of Okawaru (D:6)
  A queen bee (D:6)
  Eustachio (D:4)
  The ghost of ytrimaz the Insei, an amateur OpTm (D:4)
  2 water moccasins
  A black bear (D:4)
  An ice beast (D:6)
  3 orc warriors
  An ogre (D:6)
  4 scorpions
  A water moccasin zombie (D:7)
  A water moccasin skeleton (D:6)
  5 killer bees (D:6)
  4 wights (D:7)
  A centaur zombie (D:7)
  A crimson imp (D:4)
  A jelly (D:4)
  4 hounds
  2 orc priests
  A bullfrog skeleton (D:6)
  Crazy Yiuf (D:3)
  A centaur skeleton (D:4)
  Jessica (D:2)
  Ijyb (D:3)
  7 orc wizards
  Robin (D:3)
  A howler monkey zombie (D:5)
  6 adders
  A white imp (D:4)
  An adder skeleton (D:4)
  A worm (D:4)
  2 dart slugs
  12 orcs
  6 endoplasms
  2 giant cockroaches
  15 goblins
  7 hobgoblins
  3 jackals (D:1)
  5 quokkas
  9 ball pythons
  4 bats (D:1)
  2 frilled lizards
  7 kobolds
  4 rats
  A spectral hobgoblin (D:7)
138 creatures vanquished.

Vanquished Creatures (others)
  A fungus (D:3)
  A plant (D:6)
2 creatures vanquished.

Grand Total: 140 creatures vanquished

Notes
Turn   | Place    | Note
-------+----------+-------------------------------------------
     0 | D:1      | emnemthenerd the Minotaur Berserker began the quest for the
                  | Orb.
     0 | D:1      | Reached XP level 1. HP: 19/19 MP: 0/0
   362 | D:1      | Reached XP level 2. HP: 27/27 MP: 1/1
   848 | D:1      | Reached XP level 3. HP: 33/33 MP: 2/2
  1092 | D:2      | Found a glowing golden altar of the Shining One.
  1155 | D:2      | Noticed Jessica
  1165 | D:2      | Killed Jessica
  1167 | D:2      | Reached XP level 4. HP: 41/41 MP: 3/3
  1394 | D:2      | Reached ** piety under Trog
  1873 | D:3      | Noticed Robin
  1896 | D:3      | Killed Robin
  1897 | D:3      | Reached skill level 5 in Long Blades
  2176 | D:3      | Found a runed translucent door.
  2177 | D:3      | Noticed Crazy Yiuf
  2333 | D:3      | Killed Crazy Yiuf
  2334 | D:3      | Reached skill level 1 in Stealth
  2334 | D:3      | Reached XP level 5. HP: 47/47 MP: 4/4
  2402 | D:3      | Noticed Ijyb
  2407 | D:3      | Killed Ijyb
  2586 | D:3      | Found a faded altar of an unknown god.
  2685 | D:4      | Found a transporter.
  2718 | D:4      | Noticed ytrimaz's ghost (amateur OpTm)
  2718 | D:4      | Found a one-way gate to the infinite horrors of the Abyss.
  2721 | D:4      | Reached skill level 5 in Fighting
  2721 | D:4      | Reached skill level 3 in Armour
  2729 | D:4      | Killed ytrimaz's ghost
  2730 | D:4      | Reached skill level 1 in Staves
  2730 | D:4      | Reached skill level 1 in Shields
  2730 | D:4      | Reached XP level 6. HP: 35/56 MP: 5/5
  3054 | D:4      | Found a transporter.
  3673 | D:4      | Noticed Eustachio
  3683 | D:4      | Killed Eustachio
  3684 | D:4      | Reached XP level 7. HP: 61/61 MP: 6/6
  3801 | D:4      | Reached skill level 4 in Armour
  3994 | D:4      | Found a snail-covered altar of Cheibriados.
  4546 | D:5      | Entered Level 5 of the Dungeon
  5374 | D:6      | Reached skill level 5 in Armour
  5374 | D:6      | Reached XP level 8. HP: 43/70 MP: 7/7
  5724 | D:6      | Reached skill level 5 in Staves
  5971 | D:6      | Reached *** piety under Trog
  5972 | D:6      | Noticed a queen bee
  5989 | D:6      | Noticed bearlyready's ghost (novice MfGl)
  6013 | D:6      | Found a transporter.
  6021 | D:6      | Found a transporter.
  6183 | D:6      | Found a staircase to the Ecumenical Temple.
  6194 | Temple   | Entered the Ecumenical Temple
  6690 | D:6      | Reached skill level 6 in Armour
  7231 | D:6      | Killed a queen bee
  7232 | D:6      | Reached skill level 7 in Armour
  7232 | D:6      | Reached XP level 9. HP: 41/78 MP: 8/8
  7239 | D:6      | Killed bearlyready's ghost
  7881 | D:7      | Found a hazy altar of Hepliaklqana.
  8054 | D:7      | Reached skill level 8 in Armour
  8379 | D:7      | Found a hide-covered altar of Uskayaw.
  8506 | D:7      | Reached skill level 1 in Evocations
  8511 | D:7      | HP: 3/79 [ogre (10)]
  8512 | D:7      | Demolished by an ogre

Illustrated notes

Levels and vault maps discovered:
D:1:      dpeg_arrival_round_b, layout_loops_corners, minmay_misc_feat_pillars
D:2:      layout_loops_ring, basic_altar, uniq_jessica
D:3:      layout_rooms, basic_ecumenical_altar, uniq_crazy_yiuf_cottage,
          uniq_ijyb, uniq_robin
D:4:      layout_layer_cave, lemuel_coloured_pillars_altar,
          gammafunk_ghost_abyssal_escape, uniq_eustachio
D:5:      wander_river, layout_basic, chequers_serial_rivers_small_a
D:6:      layout_loops_ring, nicolae_overflow_hidden_temple,
          minmay_temple_entry_gardened_gates, gammafunk_ghost_hive
D:7:      layout_cave_pods, mainiacjoe_overflow_concentric_impassable,
          nicolae_hepliaklqana_monster_ancestors, serial_column_ruins,
          column_ruins_pillar_2, column_ruins_pillar_11, column_ruins_pillar_3,
          column_ruins_pillar_3, column_ruins_pillar_1, column_ruins_pillar_3,
          column_ruins_pillar_1, column_ruins_pillar_3, column_ruins_pillar_5,
          column_ruins_pillar_9, column_ruins_pillar_2, column_ruins_pillar_4,
          column_ruins_pillar_1, column_ruins_pillar_9, column_ruins_pillar_4,
          column_ruins_pillar_3, column_ruins_pillar_1, column_ruins_pillar_1,
          column_ruins_pillar_4
Temple:   eino_temple_scatter_basement

Skill      XL: |  1  2  3  4  5  6  7  8  9 |
---------------+----------------------------+-----
Long Blades    | 4 5 6 |  6.4
Fighting       | 4 5 6 7 |  7.4
Dodging        | 3 4 |  4.2
Stealth        | 1 2 |  2.9
Armour         | 3 5 7 8 |  8.4
Staves         | 1 2 4 6 7 |  7.9
Shields        | 1 2 3 |  3.9
Evocations     | 1 |  1.0

Action                   |  1- 3 |  4- 6 |  7- 9 || total
-------------------------+-------+-------+-------++-------
Melee: Falchion          |    44 |    44 |       ||    88
       Headbutt          |     5 |    15 |    29 ||    49
       Quarterstaff      |       |    25 |   146 ||   171
Invok: Berserk           |     1 |     4 |     5 ||    10
Evoke: Wand              |       |       |    10 ||    10
  Use: Scroll            |       |     4 |     4 ||     8
       Potion            |       |       |     1 ||     1
 Stab: Sleeping          |     1 |     1 |       ||     2
       Paralysed         |       |       |     1 ||     1
Armor: Animal skin       |     8 |       |       ||     8
       Leather armour    |     2 |     7 |       ||     9
       Scale mail        |       |     1 |    48 ||    49
Dodge: Dodged            |    27 |    30 |    71 ||   128
Block: Other             |       |    14 |    33 ||    47
       Reflection        |       |       |     2 ||     2

Table legend: (Time is in decaauts)
 A = Elapsed time spent in this place.
 B = Non-inter-level travel time spent in this place.
 C = Inter-level travel time spent in this place.
 D = Time resting spent in this place.
 E = Time spent auto-exploring this place.
 F = Levels seen in this place.
 G = Mean time per level.
                   A        B        C        D        E       F      G
               +--------+--------+--------+--------+--------+-----+--------+
         Total |   8642 |   8227 |    415 |   1701 |   5488 |   8 | 1080.2 |
       Dungeon |   8394 |   8035 |    359 |   1701 |   5314 |   7 | 1199.1 |
        Temple |    247 |    191 |     56 |      0 |    174 |   1 |  247.0 |
               +--------+--------+--------+--------+--------+-----+--------+

Top non-repeatable levels by time:
     D:6: 2294 daAuts
     D:4: 1892 daAuts
     D:1: 1072 daAuts
     D:3: 932 daAuts
     D:5: 839 daAuts
     D:2: 715 daAuts
     D:7: 647 daAuts
  Temple: 247 daAuts
